 Dungeon Crawl Stone Soup version 0.19-a0-990-gf36c7f1 (webtiles) character file.

158 rageheart7 the Insei (level 5, -5/37 HPs)
             Began as a Merfolk Transmuter on July 15, 2016.
             Killed by divine providence
             ... invoked by an orc priest
              (9 damage)
             ... on level 4 of the Dungeon.
             The game lasted 00:05:15 (2310 turns).

rageheart7 the Insei (Merfolk Transmuter)           Turns: 2310, Time: 00:05:17

Health: -5/37      AC:  2    Str: 10    XL:     5   Next: 40%
Magic:  6/9        EV: 21    Int: 15    God:
Gold:   99         SH:  0    Dex: 20    Spells: 3 memorised, 4 levels left

rFire  . . .     SeeInvis .       - Unarmed
rCold  . . .     Gourm    .     (armour currently unavailable)
rNeg   . . .     Faith    .     (shield currently unavailable)
rPois  x         Spirit   .     (helmet currently unavailable)
rElec  .         Dismiss  .     (cloak currently unavailable)
rCorr  .         Reflect  .     (gloves currently unavailable)
SustAt .         Harm     .     (boots currently unavailable)
MR     .....                    (no amulet)
Stlth  ++........               (no ring)
                                (no ring)

@: spider-form (expiring), very slightly contaminated, hasted, very quick, not
resistant to hostile enchantments, unstealthy
A: (change form in water), (swift swim), (claws 0), clever 1
a: End Transformation


You were on level 4 of the Dungeon.
You were not hungry.
You were a venomous arachnid creature.
You visited 1 branch of the dungeon, and saw 4 of its levels.

You collected 99 gold pieces.

Inventory:

Missiles
 a - 12 arrows
Armour
 b - a +0 robe (melded)
 h - a +0 shield
Wands
 o - a wand of flame (30/48)
Potions
 g - a potion of might {unknown}
 i - a potion of haste
 p - a potion of cure mutation {unknown}
 r - a potion of flight
Books
 c - a book of Changes

   Spells                             Type                      Level
   a - Beastly Appendage              Transmutation                1
   b - Sticks to Snakes               Transmutation                2
   c - Spider Form                    Transmutation/Poison         3
   d - Ice Form                       Ice/Transmutation            4
   e - Blade Hands                    Transmutation                5
Comestibles
 d - 2 bread rations
 f - 2 meat rations


   Skills:
 - Level 1.5 Fighting
 - Level 2.6 Dodging
 - Level 0.2 Stealth
 * Level 4.9 Unarmed Combat
 + Level 3.0 Spellcasting
 + Level 4.2 Transmutations


You had 4 spell levels left.
You knew the following spells:

 Your Spells              Type           Power        Failure   Level  Hunger
a - Beastly Appendage     Tmut           ##....       14%         1    #......
b - Spider Form           Tmut/Pois      #.........   52%         3    ###....
c - Sticks to Snakes      Tmut           ##......     21%         2    ##.....


Dungeon Overview and Level Annotations

Branches:
Dungeon (4/15)
 Temple: D:4-7

Altars:
Zin

Annotations:
D:3 Sigmund


Innate Abilities, Weirdness & Mutations

((You revert to your normal form in water.))
((You are very nimble and swift while swimming.))
((You have sharp fingernails.))
Your mind is acute. (Int +2)


Message History

You kill the orc!
The adder barely misses you.
Items here: )) [[ †††
Found 13 gold pieces.
The adder misses you.
Items here: )) [[ ††† You barely miss the adder.
Your transformation is almost over.
The adder misses you.
You closely miss the adder. The adder closely misses you.
You hit the adder.
The adder is poisoned.
The adder is lightly wounded.
The adder completely misses you.
You bite the adder!
The adder looks as sick as possible!
The adder is almost dead.
The adder bites you.
* * * LOW HITPOINT WARNING * * *
The orc priest invokes the aid of Beogh against you.
Beogh smites you!
You die...

# .# ..#
#### ....
#.. .....
#.####......
#oSs.......$
########....
.


You could see an orc priest and an adder.

Vanquished Creatures
  An orc priest (D:4)
  A hound (D:4)
  6 adders
  A dart slug (D:1)
  A giant gecko (D:2)
  An orc (D:4)
  5 giant cockroaches
  7 goblins
  2 hobgoblins
  3 jackals
  2 kobolds (D:1)
  4 bats
  5 giant newts
  3 rats
42 creatures vanquished.

Notes
Turn   | Place    | Note
-------+----------+-------------------------------------------
     0 | D:1      | rageheart7 the Merfolk Transmuter began the quest for the Orb.
     0 | D:1      | Reached XP level 1. HP: 15/15 MP: 3/3
   390 | D:1      | Reached XP level 2. HP: 14/21 MP: 3/5
   993 | D:2      | Reached XP level 3. HP: 26/26 MP: 4/6
  1386 | D:2      | Found a glowing silver altar of Zin.
  1455 | D:2      | Reached XP level 4. HP: 20/32 MP: 7/7
  2213 | D:2      | Gained mutation: You have sharp fingernails. [potion of beneficial mutation]
  2214 | D:2      | Gained mutation: Your mind is acute. (Int +2) [potion of beneficial mutation]
  2223 | D:2      | Learned a level 3 spell: Spider Form
  2226 | D:2      | Learned a level 2 spell: Sticks to Snakes
  2257 | D:3      | Noticed Sigmund
  2289 | D:4      | Reached XP level 5. HP: 22/37 MP: 7/9
  2310 | D:4      | Killed from afar by an orc priest

Vault maps used:
D:1:      nicolae_arrival_washed_ashore
D:2:      lemuel_crystal_altar, first_bread
D:3:      wad_lake_hut, johnstein_pakellas_death_squad, uniq_sigmund

Skill      XL: |  1  2  3  4  5 |
---------------+----------------+-----
Unarmed Combat | 4 |  4.9
Transmutations | 3 4 |  4.2
Spellcasting   | 3 |  3.0
Fighting       | |  1.5
Dodging        | |  2.6
Stealth        | |  0.2

Action                   |  1- 3 |  4- 6 || total
-------------------------+-------+-------++-------
Melee: Unarmed           |    92 |    70 ||   162
       Headbutt          |     8 |     7 ||    15
       Punch             |     1 |       ||     1
 Cast: Beastly Appendage |    18 |     6 ||    24
       Spider Form       |       |     1 ||     1
  Use: Potion            |       |     9 ||     9
       Scroll            |       |     7 ||     7
  Eat: Chunk             |     2 |     3 ||     5
Armor: Robe              |    19 |    22 ||    41
       Skin              |       |     1 ||     1
Dodge: Dodged            |    69 |    81 ||   150
